 Dungeon Crawl Stone Soup version 0.27-a0-860-gaf99fae3ca (webtiles) character file.

Game seed: 5849105092538621140

14282 porpoise the Destroyer (level 11, -5/64 HPs)
             Began as a Deep Elf Conjurer on Apr 2, 2021.
             Was a Follower of Vehumet.
             Slain by an eight-headed hydra (8 damage)
             ... on level 1 of the Lair of Beasts.
             The game lasted 01:12:28 (17210 turns).

porpoise the Destroyer (Deep Elf Conjurer)         Turns: 17210, Time: 01:12:58

Health: -5/64      AC: 12    Str: 11    XL:     11   Next: 86%
Magic:  0/23       EV: 14    Int: 25    God:    Vehumet [*.....]
Gold:   365        SH:  0    Dex: 10    Spells: 4/24 levels left

rFire    + . .     SeeInvis +   b - +1 hunting sling
rCold    + . .     Faith    .   (no shield)
rNeg     . . .     Spirit   .   t - +2 leather armour {rPois}
rPois    +         Reflect  .   (helmet restricted)
rElec    .         Harm     .   (no cloak)
rCorr    .         Rampage  .   g - +2 pair of gloves
Will     +....                  V - +0 pair of boots
Stlth    +++.......             C - amulet of regeneration
HPRegen  1.20/turn              c - ring of see invisible
MPRegen  0.18/turn              T - ring of Geabb {rF+ rC+ Str+5 Dex-3 Stlth+}

@: very slightly contaminated, invisible
A: antennae 1, iridescent scales 1, screaming 1
a: Renounce Religion


You were on level 1 of the Lair of Beasts.
You worshipped Vehumet.
Vehumet was aware of your devotion.
You visited 3 branches of the dungeon, and saw 11 of its levels.
You also visited: Sewer and Ossuary.

You collected 651 gold pieces.
You spent 286 gold pieces at shops.

Inventory:

Hand Weapons
 b - a +1 hunting sling (weapon)
 x - the +9 hand axe of Laliogia {venom, *Noise rPois Will- Str+9}
   (You found it on level 6 of the Dungeon)

   It poisons the flesh of those it strikes.
   It affects your strength (+9).
   It protects you from poison.
   It may make noises in combat.
   It decreases your willpower.
 Q - the +6 long sword "Ymojoavo" {vorpal, Stlth+}
   (You found it on level 7 of the Dungeon)

   It inflicts extra damage upon your enemies.
   It makes you more stealthy.
Missiles
 d - 4 javelins
 e - 119 poisoned darts
 f - a curare-tipped dart
 k - 75 sling bullets (quivered ammo)
 R - 14 boomerangs
 S - 2 throwing nets
 U - 3 silver boomerangs
Armour
 g - a +2 pair of gloves (worn)
 t - a +2 leather armour of poison resistance (worn)
 B - the +0 hat "Naxubul" {rPois MP+9 Str+2 Dex-5}
   (You found it on level 7 of the Dungeon)

   It affects your strength (+2).
   It affects your dexterity (-5).
   It protects you from poison.
   It affects your magic capacity (+9).
 L - +0 steam dragon scales
 O - a +0 helmet
 V - a +0 pair of boots (worn)
Magical Staves
 a - a staff of conjuration
Jewellery
 c - a ring of see invisible (left hand)
 y - an amulet of faith
 C - an amulet of regeneration (around neck)
 T - the ring of Geabb (right hand) {rF+ rC+ Str+5 Dex-3 Stlth+}
   (You acquired it on level 7 of the Dungeon)

   [ring of protection from cold]

   It affects your strength (+5).
   It affects your dexterity (-3).
   It protects you from fire.
   It protects you from cold.
   It makes you more stealthy.
 X - an amulet of guardian spirit
Wands
 n - a wand of polymorph (6)
 r - a wand of acid (12)
 Y - a wand of flame (35)
Scrolls
 o - 2 scrolls of amnesia
 q - 3 scrolls of fog
 u - 6 scrolls of teleportation
 A - 3 scrolls of fear
 D - a scroll of vulnerability {unknown}
 E - 3 scrolls of immolation
 G - a scroll of brand weapon {unknown}
 H - a scroll of enchant armour
 I - 2 scrolls of noise
 J - a scroll of summoning
 M - a scroll of silence {unknown}
 P - a scroll of torment {unknown}
 W - a scroll of enchant weapon
Potions
 h - a potion of invisibility
 i - a potion of ambrosia
 j - a potion of resistance
 l - 4 potions of lignification
 m - 4 potions of heal wounds
 p - 8 potions of curing
 s - a potion of flight
 v - a potion of magic
 w - 3 potions of haste
 z - a potion of mutation
 F - 2 potions of brilliance
 K - 2 potions of might
 N - 2 potions of attraction
Miscellaneous
 Z - a lightning rod (4/4)


   Skills:
 + Level 6.1 Fighting
 - Level 5.0 Armour
 - Level 9.0 Dodging
 - Level 5.0 Stealth
 - Level 7.0 Spellcasting
 - Level 12.0 Conjurations
 - Level 7.0 Hexes
 - Level 5.0 Translocations
 + Level 3.9 Air Magic
 - Level 5.0 Evocations


You had 4 spell levels left.
You knew the following spells:

 Your Spells              Type           Power      Damage    Failure   Level
a - Magic Dart            Conj           100%       1d8       1%          1
b - Searing Ray           Conj           100%       3d7       1%          2
c - Fulminant Prism       Conj/Hex       27%        3d14      1%          4
d - Iskenderun's Mystic   Conj/Tloc      50%        2d11      2%          4
k - Blink                 Tloc           N/A        N/A       1%          2
s - Iskenderun's Battles  Conj           62%        2d11      1%          5
w - Swiftness             Air            28%        N/A       2%          2

Your spell library contained the following spells:

 Spells                   Type           Power      Damage    Failure   Level
 Freeze                   Ice            32%        1d5       9%          1
 Shock                    Conj/Air       100%       1d9       1%          1
 Slow                     Hex            43%        N/A       1%          2
 Confusing Touch          Hex            43%        N/A       1%          3
 Dazzling Flash           Conj/Hex       100%       N/A       1%          3
 Conjure Flame            Conj/Fire      38%        6-21      2%          3
 Gell's Gravitas          Tloc           16%        N/A       3%          3
 Mephitic Cloud           Conj/Pois/Air  35%        N/A       3%          3
 Corpse Rot               Necr/Air       N/A        N/A       6%          2
 Beastly Appendage        Tmut           16%        N/A       9%          1
 Call Imp                 Summ           8%         N/A       13%         2
 Wereblood                Tmut           8%         N/A       13%         2
 Spider Form              Tmut/Pois      4%         N/A       26%         3
 Ice Form                 Ice/Tmut       8%         N/A       63%         4
 Petrify                  Tmut/Erth      8%         N/A       63%         4
 Bolt of Magma            Conj/Fire/Erth 14%        4d8       41%         5
 Conjure Ball Lightning   Conj/Air       24%        3x3d7     45%         6
 Orb of Destruction       Conj           31%        9d12      45%         7
 Metabolic Englaciation   Hex/Ice        13%        N/A       50%         5
 Yara's Violent Unravell  Hex/Tmut       13%        3d7       50%         5
 Iron Shot                Conj/Erth      19%        9d4       73%         6
 Hydra Form               Tmut           4%         N/A       93%         5
 Spellforged Servitor     Conj/Summ      19%        N/A       99%         7


Dungeon Overview and Level Annotations

Branches:
Dungeon (9/15)             Temple (1/1) D:6            Lair (1/6) D:8
    Orc (0/2) D:9           Sewer (visited)         Ossuary (visited)

Altars:
Ashenzari
Dithmenos
Elyvilon
Fedhas
Gozag
Hepliaklqana
Kikubaaqudgha
Makhleb
Nemelex Xobeh
Okawaru
Qazlal
Ru
Sif Muna
Trog
Uskayaw
Vehumet
Wu Jian
Xom
Yredelemnul
Zin
The Shining One
Beogh

Shops:
D:1 ?   D:6 ?   D:7 :*(=*


Innate Abilities, Weirdness & Mutations

You have a pair of small antennae on your head.
You are partially covered in iridescent scales. (AC +2)
You occasionally shout uncontrollably at your foes.


Message History

Okay, then.
Unknown command.
Casting: Iskenderun's Mystic Blast (dangerous; 2% risk of failure)
Confirm with . or Enter, or press ? or * to list all spells.
Aiming: Fulminant Prism (dangerous; 1% risk of failure)
Press: ? - help, Dir - move target You conjure a prism of explosive energy!
The cane toad gives a loud, deep croak!
A fulminant prism comes into view.
The eight-headed hydra bites your fulminant prism! x2
Your fulminant prism detonates feebly.
Casting: Fulminant Prism (dangerous; 1% risk of failure)
Confirm with . or Enter, or press ? or * to list all spells.
Aiming: Fulminant Prism (dangerous; 1% risk of failure)
Press: ? - help, Dir - move target You conjure a prism of explosive energy!
The eight-headed hydra roars!
A fulminant prism comes into view.
Your fulminant prism crackles loudly.
The cane toad stings your fulminant prism!!
Your fulminant prism explodes!
The blast of energy engulfs the cane toad!
The cane toad is almost dead.
The cane toad croaks.
The eight-headed hydra barely misses you.
The eight-headed hydra bites you but does no damage.
The eight-headed hydra bites you! x2
* * * LOW HITPOINT WARNING * * *
The eight-headed hydra bites you but does no damage. x2
The eight-headed hydra bites you.
* * * LOW HITPOINT WARNING * * *
The eight-headed hydra bites you but does no damage.
The cane toad croaks.
The eight-headed hydra misses you. The eight-headed hydra bites you!
* * * LOW HITPOINT WARNING * * *
The eight-headed hydra closely misses you.
The eight-headed hydra bites you.
* * * LOW HITPOINT WARNING * * *
The eight-headed hydra bites you!
You die...

............ ..
.......#.....##.#
.......#.(......#
.......≈.........
....≈≈≈≈≈≈≈......
....≈≈≈≈≈≈≈......
...≈≈≈≈≈≈≈≈≈....#
..≈≈≈≈≈≈≈≈≈≈.#
..≈≈≈≈≈@.≈≈≈(#
..≈≈≈≈≈.D≈≈≈.(..#
...≈≈≈≈≈≈≈≈≈.....
....≈≈≈≈≈F≈†.....
...≈≈≈≈≈≈≈≈≈.....
.......≈.........
...###.#........#
... #.####...##


You could see an eight-headed hydra and a cane toad (wandering).

Vanquished Creatures
  A rakshasa (D:9)
  A hydra (D:8)
  The ghost of rageheart7 the Fighter, a novice PaFi of Makhleb (D:7)
  A centaur warrior (D:9)
  A two-headed ogre (D:9)
  Pikel (D:6)
  A shining eye (shapeshifter) (D:9)
  Joseph (D:7)
  Maggie (D:6)
  A cane toad (D:8)
  An efreet (D:9)
  A komodo dragon (D:8)
  A hornet (D:8)
  A polar bear (D:8)
  2 shadows (D:9)
  A wyvern (D:7)
  Eustachio (D:6)
  9 yaks
  2 steam dragons
  A vampire mosquito (D:8)
  A basilisk (Lair:1)
  Menkaure (D:6)
  3 wargs (D:8)
  A two-headed ogre zombie (D:9)
  3 water moccasins
  7 orc warriors
  A black bear (D:6)
  A sky beast (D:6)
  An ogre (D:4)
  A necrophage (D:5)
  2 phantoms (D:6)
  6 centaurs
  4 lemures
  3 elf zombies (Ossuary)
  3 kobold brigands (D:9)
  2 bullfrogs (D:8)
  2 gnoll sergeants
  2 scorpions
  A water moccasin zombie (D:5)
  A troll zombie (D:9)
  5 killer bees
  7 wights
  4 howler monkeys
  A bullfrog zombie (D:5)
  4 centaur zombies
  A human zombie (Ossuary)
  16 orc priests
  2 hounds (D:6)
  5 jellies
  A centaur skeleton (D:5)
  2 gnoll shamans
  An iguana (D:5)
  10 orc wizards
  A killer bee zombie (D:8)
  6 ogre zombies (D:9)
  A hound zombie (Ossuary)
  A hound skeleton (D:5)
  3 howler monkey zombies
  3 mummies (Ossuary)
  12 gnolls
  7 adders
  3 white imps
  2 ufetubi
  5 adder zombies (Ossuary)
  An adder skeleton (D:4)
  A worm (D:3)
  6 dart slugs
  38 orcs
  6 bats
  6 endoplasms
  2 giant cockroaches
  6 goblins
  9 hobgoblins
  14 jackals
  6 kobolds
  5 quokkas
  4 ball pythons
  8 frilled lizards
  2 gnoll zombies (Ossuary)
  3 goblin skeletons (D:9)
  5 goblin zombies
  A hobgoblin skeleton (D:9)
  6 hobgoblin zombies
  4 jackal zombies (Ossuary)
  6 kobold zombies (Ossuary)
  2 orc skeletons (D:9)
  14 orc zombies
  7 quokka zombies (Ossuary)
  6 rats
  A rat zombie (Ossuary)
348 creatures vanquished.

Vanquished Creatures (others)
  38 fulminant prisms
  A fungus (Lair:1)
  12 plants
51 creatures vanquished.

Grand Total: 399 creatures vanquished

Notes
Turn   | Place    | Note
-------+----------+-------------------------------------------
     0 | D:1      | porpoise the Deep Elf Conjurer began the quest for the Orb.
     0 | D:1      | Reached XP level 1. HP: 10/10 MP: 6/6
   315 | D:1      | Reached XP level 2. HP: 15/15 MP: 0/8
   632 | D:1      | Learned a level 2 spell: Searing Ray
   697 | D:1      | Found Weqoe's Magic Scroll Shoppe.
  1198 | D:2      | Reached skill level 5 in Conjurations
  1198 | D:2      | Reached XP level 3. HP: 19/19 MP: 6/10
  2167 | D:2      | Found a faded altar of an unknown god.
  2379 | D:3      | Reached XP level 4. HP: 24/24 MP: 8/12
  2470 | D:3      | Learned a level 4 spell: Fulminant Prism
  2475 | D:3      | Learned a level 4 spell: Iskenderun's Mystic Blast
  2506 | D:3      | Reached skill level 5 in Spellcasting
  3237 | D:4      | Reached XP level 5. HP: 28/28 MP: 8/14
  3238 | D:4      | Reached skill level 1 in Fighting
  3238 | D:4      | Reached skill level 6 in Conjurations
  3646 | D:4      | Found a glowing drain.
  3677 | Sewer    | Entered a sewer
  4321 | Sewer    | Reached XP level 6. HP: 35/35 MP: 12/15
  4984 | D:4      | Identified the Almanac of Weightlessness
  5274 | D:5      | Entered Level 5 of the Dungeon
  5432 | D:5      | Reached skill level 7 in Conjurations
  5524 | D:5      | Reached skill level 1 in Hexes
  5524 | D:5      | Reached XP level 7. HP: 41/41 MP: 11/16
  6235 | D:5      | Found an ornate altar of the Wu Jian Council.
  6436 | D:6      | Reached skill level 5 in Hexes
  6442 | D:6      | Identified the +9 hand axe of Laliogia {venom, *Noise rPois
                  | Will- Str+9}
  6450 | D:6      | Found Yteategi's Magic Scroll Shoppe.
  6453 | D:6      | Bought a scroll of identify for 26 gold pieces
  6453 | D:6      | Bought a scroll of identify for 26 gold pieces
  6453 | D:6      | Bought a scroll of identify for 26 gold pieces
  6453 | D:6      | Bought a scroll of identify for 26 gold pieces
  6453 | D:6      | Bought a scroll of teleportation for 39 gold pieces
  6453 | D:6      | Bought a scroll of teleportation for 39 gold pieces
  6464 | D:6      | Noticed Pikel
  6476 | D:6      | Killed Pikel
  6477 | D:6      | Reached skill level 5 in Fighting
  6477 | D:6      | Reached XP level 8. HP: 28/49 MP: 0/17
  6600 | D:6      | Found a staircase to the Ecumenical Temple.
  6609 | Temple   | Entered the Ecumenical Temple
  6857 | D:6      | Noticed Eustachio
  6866 | D:6      | Killed Eustachio
  6872 | D:6      | Found a sand-covered staircase.
  6877 | Ossuary  | Entered an ossuary
  7169 | Ossuary  | Reached skill level 5 in Dodging
  7424 | Ossuary  | Reached skill level 1 in Evocations
  7539 | Ossuary  | Reached XP level 9. HP: 52/54 MP: 6/18
  8192 | D:6      | Reached skill level 5 in Translocations
  8345 | D:6      | Noticed Maggie
  8355 | D:6      | Killed Maggie
  8753 | D:6      | Noticed Menkaure
  8756 | D:6      | Killed Menkaure
  8763 | D:6      | Reached skill level 8 in Conjurations
  9380 | D:7      | Found Mitz's Jewellery Shop.
  9381 | D:7      | Found a runed translucent gate.
  9381 | D:7      | Found a runed translucent gate.
  9382 | D:7      | Found a runed translucent gate.
  9388 | D:7      | Found Qaeqourgh's Weapon Emporium.
  9388 | D:7      | Found Cyeprij's Assorted Antiques.
  9407 | D:7      | Bought a scroll of identify for 52 gold pieces
  9407 | D:7      | Bought a scroll of identify for 52 gold pieces
  9494 | D:7      | Identified the +0 plate armour of Hairiness {+Fly rN+ Will+
                  | Int-2}
  9496 | D:7      | Noticed rageheart7's ghost (novice PaFi)
  9507 | D:7      | Reached skill level 5 in Evocations
 10029 | D:7      | Found Rehusali's Assorted Antiques.
 10030 | D:7      | Identified the +6 long sword "Ymojoavo" {vorpal, Stlth+}
 10065 | D:7      | Found Adwiganonn's Book Shop.
 10115 | D:7      | Learned a level 2 spell: Blink
 10121 | D:7      | Learned a level 5 spell: Iskenderun's Battlesphere
 10266 | D:7      | Noticed Joseph
 10275 | D:7      | Killed Joseph
 10276 | D:7      | Reached skill level 5 in Stealth
 10276 | D:7      | Reached skill level 9 in Conjurations
 10484 | D:7      | Identified 2 scrolls of acquirement
 10484 | D:7      | Acquired the ring of Geabb {rF+ rC+ Str+5 Dex-3 Stlth+}
 10487 | D:7      | Acquired a staff of conjuration
 10548 | D:7      | Reached XP level 10. HP: 58/59 MP: 16/20
 11152 | D:8      | Found a staircase to the Lair.
 11282 | D:8      | Reached skill level 1 in Armour
 12359 | D:8      | Identified the +1 chain mail "Zulezur" {rPois}
 12583 | D:9      | Reached skill level 10 in Conjurations
 13427 | D:9      | Found a staircase to the Orcish Mines.
 14193 | D:9      | Noticed a two-headed ogre
 14199 | D:9      | Killed a two-headed ogre
 14200 | D:9      | Reached XP level 11. HP: 63/63 MP: 6/23
 14495 | D:9      | Found a radiant altar of Vehumet.
 14512 | D:9      | Became a worshipper of Vehumet
 14598 | D:9      | Found a blossoming altar of Fedhas.
 14626 | D:9      | Learned a level 2 spell: Swiftness
 14996 | D:9      | Noticed a centaur warrior
 15057 | D:9      | Reached skill level 11 in Conjurations
 15058 | D:9      | Killed a centaur warrior
 15059 | D:9      | Reached skill level 5 in Armour
 15450 | D:9      | Reached * piety under Vehumet
 15450 | D:9      | Offered knowledge of Freeze by Vehumet.
 15691 | D:9      | Noticed a five-headed hydra
 15694 | D:9      | Noticed a lindwurm
 15700 | D:9      | Noticed a fire crab
 15833 | D:9      | Noticed a two-headed ogre
 15871 | D:9      | Noticed a shining eye
 15871 | D:9      | a slime creature changed into a shining eye
 15874 | D:9      | Gained mutation: You sometimes lose the ability to read
                  | scrolls when taking damage. [a shining eye]
 15875 | D:9      | Killed a shining eye
 15892 | D:9      | Noticed a rakshasa
 15903 | D:9      | Killed a rakshasa
 15907 | D:9      | Lost mutation: You sometimes lose the ability to read
                  | scrolls when taking damage. [potion of mutation]
 15907 | D:9      | Gained mutation: You have a pair of small antennae on your
                  | head. [potion of mutation]
 15907 | D:9      | Gained mutation: You occasionally shout uncontrollably at
                  | your foes. [potion of mutation]
 15907 | D:9      | Gained mutation: You are partially covered in iridescent
                  | scales. (AC +2) [potion of mutation]
 16247 | D:7      | Killed rageheart7's ghost
 16248 | D:7      | Reached skill level 12 in Conjurations
 16474 | D:7      | Identified the +0 hat "Naxubul" {rPois MP+9 Str+2 Dex-5}
 16587 | Lair:1   | Entered Level 1 of the Lair of Beasts
 16601 | D:8      | Reached skill level 1 in Air Magic
 16928 | Lair:1   | Noticed a four-headed hydra
 16951 | D:8      | Killed a four-headed hydra
 17091 | Lair:1   | Noticed an eight-headed hydra
 17132 | Lair:1   | HP: 2/64 [eight-headed hydra (7)]
 17210 | Lair:1   | HP: 3/64 [eight-headed hydra (4)]
 17210 | Lair:1   | Slain by an eight-headed hydra

Illustrated notes

Levels and vault maps discovered:
D:1:      minmay_arrival_five_plusses, layout_basic, serial_shops, shop
D:2:      layout_basic, basic_ecumenical_altar
D:3:      layout_rooms
D:4:      layout_loops_cross, portal_sewer_entry_a
D:5:      layout_loops_ring, marbit_many_paths, minmay_checkerbox
D:6:      layout_basic, minmay_temple_entry_statues_fountains, enter_ossuary_2,
          serial_shops, kennysheep_mini, serial_bayou_pond_c, uniq_eustachio,
          uniq_menkaure, uniq_pikel, uniq_maggie
D:7:      layout_basic, biasface_ghost_orc_armoury, serial_shops, shop,
          nicolae_shop_crystal, nicolae_shop_statue_plus,
          nicolae_shop_window_shopping, shop, uniq_joseph
D:8:      layout_basic, erik_lair_orcish_takeover, hangedman_pestilent_swarm,
          minmay_fractal_squares_gapless_5
D:9:      layout_irregular_city, overflow_temple_1_default,
          vehumet_altar_wand_db, zombieorc2_lemuel, minmay_the_grid_2x2
          [minmay_the_grid_small_cups, minmay_the_grid_fan,
          minmay_the_grid_odd_star, minmay_the_grid_prize_inner_circle]
Temple:   eino_narrow_crystal_temple
Lair:1:   layout_gridlike, infiniplex_staircase_pool_2, grunt_megastairs_2,
          uniq_urug

Skill      XL: |  1  2  3  4  5  6  7  8  9 10 11 |
---------------+----------------------------------+-----
Spellcasting   | 4 5 7 |  7.0
Conjurations   | 5 6 7 9 10 12 | 12.0
Fighting       | 2 3 5 6 |  6.1
Hexes          | 1 7 |  7.0
Dodging        | 3 5 7 9 |  9.0
Translocations | 2 4 5 |  5.0
Evocations     | 1 5 |  5.0
Stealth        | 5 |  5.0
Armour         | 4 5 |  5.0
Air Magic      | 3 |  3.9

Action                   |  1- 3 |  4- 6 |  7- 9 | 10-12 || total
-------------------------+-------+-------+-------+-------++-------
Melee: Dagger            |       |    27 |       |       ||    27
       Staff             |       |       |       |     2 ||     2
 Fire: Hunting sling     |     9 |    20 |    89 |   125 ||   243
Throw: Dart              |       |     6 |       |     2 ||     8
 Cast: Magic Dart        |    40 |    21 |     1 |     1 ||    63
       Searing Ray       |    13 |    42 |    75 |    83 ||   213
       Fulminant Prism   |       |       |     6 |    32 ||    38
       Iskenderun's Myst |       |       |     1 |    24 ||    25
       Blink             |       |       |       |     3 ||     3
Evoke: Wand              |       |       |       |     1 ||     1
  Use: Scroll            |       |     9 |    11 |     6 ||    26
       Potion            |       |       |       |     4 ||     4
 Stab: Sleeping          |       |     1 |       |       ||     1
Armor: Robe              |     1 |     4 |    14 |       ||    19
       Steam dragon scal |       |       |     5 |       ||     5
       Leather armour    |       |       |       |    42 ||    42
Dodge: Dodged            |    11 |    12 |    38 |    63 ||   124

Table legend: (Time is in decaauts)
 A = Elapsed time spent in this place.
 B = Non-inter-level travel time spent in this place.
 C = Inter-level travel time spent in this place.
 D = Time resting spent in this place.
 E = Time spent auto-exploring this place.
 F = Levels seen in this place.
 G = Mean time per level.
                   A        B        C        D        E       F      G
               +--------+--------+--------+--------+--------+-----+--------+
         Total |  17441 |  17033 |    408 |   7806 |   6216 |  13 | 1341.6 |
       Dungeon |  15021 |  14623 |    398 |   6757 |   5933 |   9 | 1669.0 |
        Temple |    188 |    178 |     10 |      0 |    178 |   1 |  188.0 |
          Lair |     79 |     79 |      0 |     20 |      1 |   1 |   79.0 |
         Sewer |    966 |    966 |      0 |    277 |    104 |   1 |  966.0 |
       Ossuary |   1185 |   1185 |      0 |    752 |      0 |   1 | 1185.0 |
               +--------+--------+--------+--------+--------+-----+--------+

Top non-repeatable levels by time:
     D:9: 3674 daAuts
     D:7: 2388 daAuts
     D:8: 1725 daAuts
     D:6: 1611 daAuts
     D:4: 1263 daAuts
 Ossuary: 1185 daAuts
     D:5: 1143 daAuts
     D:2: 1141 daAuts
     D:1: 1127 daAuts
   Sewer: 966 daAuts
     D:3: 945 daAuts
  Temple: 188 daAuts
  Lair:1: 79 daAuts
